 Dungeon Crawl Stone Soup version 0.28-a0-175-gb2089b6bb7 (webtiles) character file.

Game seed: 14060140527824083087

33 Nattfarinn the Grave Robber (level 3, -2/30 HPs)
             Began as a Ghoul Necromancer on Aug 17, 2021.
             Slain by Sigmund (7 damage)
             ... on level 2 of the Dungeon.
             The game lasted 00:02:58 (1769 turns).

Nattfarinn the Grave Robber (Ghoul Necromancer)     Turns: 1769, Time: 00:02:58

Health: -2/30      AC:  2    Str: 11    XL:     3   Next: 29%
Magic:  4/4        EV: 12    Int: 11    God:
Gold:   89         SH:  0    Dex:  9    Spells: 1/5 levels left

rFire   . . .      SeeInvis .     - Unarmed
rCold   + . .      Faith    .   (no shield)
rNeg    + + +      Spirit   .   a - +0 robe
rPois   ∞          Reflect  .   (no helmet)
rElec   .          Harm     .   (no cloak)
rCorr   .          Rampage  .   (no gloves)
Will    .....                   (no boots)
Stlth   ++........              c - amulet of magic regeneration
HPRegen 0.00/turn               (no ring)
MPRegen 0.34/turn               (no ring)

@: inhibited regen
A: claws 1, cold resistance 1, negative energy resistance 3, inhibited
regeneration, torment resistance 2
a: no special abilities


You were on level 2 of the Dungeon.
You visited 1 branch of the dungeon, and saw 2 of its levels.

You collected 89 gold pieces.

Inventory:

Armour
 a - a +0 robe (worn)
 h - a +0 helmet
Jewellery
 c - an amulet of magic regeneration (around neck)
 f - a ring of protection from fire
Scrolls
 b - a scroll of blinking {unknown}
 d - a scroll of enchant weapon {unknown}
 e - a scroll of identify {unknown}
 g - a scroll of amnesia {unknown}


   Skills:
 * Level 2.5 Fighting
 - Level 1.7 Dodging
 - Level 2.1 Stealth
 + Level 1.5 Unarmed Combat
 - Level 1.7 Spellcasting
 - Level 4.0 Necromancy


You had one spell level left.
You knew the following spells:

 Your Spells              Type           Power      Damage    Failure   Level
a - Pain                  Necr           36%        1d5       6%          1
b - Vampiric Draining     Necr           4%         2d6       17%         3

Your spell library contained the following spells:

 Spells                   Type           Power      Damage    Failure   Level
 Animate Skeleton         Necr           18%        N/A       6%          1
 Summon Small Mammal      Summ           0%         N/A       30%         1
 Animate Dead             Necr           4%         N/A       50%         4
 Ozocubu's Armour         Ice            0%         N/A       65%         3
 Agony                    Necr           9%         N/A       85%         5
 Ozocubu's Refrigeration  Ice            0%         4d5       100%        7


Dungeon Overview and Level Annotations

Branches:
Dungeon (2/15)

Altars:

Annotations:
D:2 Sigmund


Innate Abilities, Weirdness & Mutations

You thrive by killing the living.
You are immune to poison.
You have sharp fingernails.
Your flesh is cold resistant. (rC+)
You are immune to negative energy. (rN+++)
You do not regenerate when monsters are visible.
You are immune to unholy pain and torment.


Message History

You see here a +0 helmet.
h - a +0 helmet Sigmund gestures at you while chanting.
You resist with significant effort.
Unknown command.
Casting: Pain (safe; 6% risk of failure)
Confirm with . or Enter, or press ? or * to list all spells.
You can't see any susceptible monsters within range! (Use Z to cast anyway.) Unknown command.
Unknown command.
You start putting on your amulet.
You continue putting on your amulet of magic regeneration. x2
Sigmund casts a spell at you.
Keep equipping yourself? [Y]es or [N]o only, please.
Keep equipping yourself?
The magic dart hits you!
You continue putting on your amulet of magic regeneration. x3
You finish putting on your amulet of magic regeneration.
c - an amulet of magic regeneration (around neck) Sigmund writhes in agony.
Sigmund writhes in agony.
Sigmund hits you with a +0 scythe of venom!
Unknown command.
Unknown command.
You aren't carrying any items that you can evoke.
Okay, then.
You scratch Sigmund.
Sigmund is lightly wounded.
Sigmund hits you with a +0 scythe of venom!
* * * LOW HITPOINT WARNING * * *
You closely miss Sigmund.
Sigmund is lightly wounded.
You scratch Sigmund.
Sigmund is moderately wounded.
Sigmund closely misses you.
You scratch Sigmund.
Sigmund is moderately wounded.
Sigmund hits you with a +0 scythe of venom!
You die...

#####.####
#........#
#.###.##.# .
. #.#
#...........
#.#
#.##.##.#...
#.# #......
.. #.#
#.##.##(###
#.###....@..#
#.......@#
##########


You could see Sigmund.

Vanquished Creatures
  2 dart slugs (D:1)
  7 bats
  An endoplasm (D:1)
  2 giant cockroaches
  A goblin (D:1)
  2 hobgoblins (D:1)
  4 jackals (D:1)
  3 frilled lizards (D:1)
  2 kobolds
  4 rats
28 creatures vanquished.

Vanquished Creatures (others)
  A fungus (D:1)
1 creature vanquished.

Grand Total: 29 creatures vanquished

Notes
Turn   | Place    | Note
-------+----------+-------------------------------------------
     0 | D:1      | Nattfarinn the Ghoul Necromancer began the quest for the
                  | Orb.
     0 | D:1      | Reached XP level 1. HP: 14/14 MP: 2/2
   154 | D:1      | Reached skill level 1 in Fighting
   352 | D:1      | Reached XP level 2. HP: 11/23 MP: 3/3
   597 | D:1      | Reached skill level 1 in Unarmed Combat
   973 | D:1      | Reached XP level 3. HP: 9/29 MP: 4/4
  1238 | D:1      | Found a faded altar of an unknown god.
  1249 | D:1      | Got Plato's Grimoire of Summoning
  1729 | D:2      | Noticed Sigmund
  1735 | D:2      | Learned a level 3 spell: Vampiric Draining
  1769 | D:2      | Slain by Sigmund

Illustrated notes

Levels and vault maps discovered:
D:1:      minmay_arrival_widening_spiral_wide, layout_loops_cross,
          shapermc_ecumenical_altar_rom_forum
D:2:      layout_loops_corners, serial_rivers, chequers_serial_rivers_small_3,
          chequers_serial_rivers_room_b, chequers_serial_rivers_marsh,
          chequers_serial_rivers_room_a, palyth_stone_intersect,
          grunt_ministairs_3, minmay_misc_feat_alley,
          kennysheep_cross_bottleneck, uniq_sigmund

Skill      XL: |  1  2 |
---------------+-------+-----
Fighting       | 1 2 |  2.5
Unarmed Combat | 1 |  1.5
Dodging        | |  1.7
Stealth        | |  2.1
Spellcasting   | |  1.7
Necromancy     | |  4.0

Action                   || total
-------------------------++-------
Melee: Unarmed           ||   157
 Cast: Pain              ||     6
  Use: Potion            ||     2
 Stab: Sleeping          ||     1
Armor: Robe              ||    33
Dodge: Dodged            ||   125

Table legend: (Time is in decaauts)
 A = Elapsed time spent in this place.
 B = Non-inter-level travel time spent in this place.
 C = Inter-level travel time spent in this place.
 D = Time resting spent in this place.
 E = Time spent auto-exploring this place.
 F = Levels seen in this place.
 G = Mean time per level.
                   A        B        C        D        E       F      G
               +--------+--------+--------+--------+--------+-----+--------+
         Total |   1767 |   1733 |     34 |      0 |   1430 |   2 |  883.5 |
       Dungeon |   1767 |   1733 |     34 |      0 |   1430 |   2 |  883.5 |
               +--------+--------+--------+--------+--------+-----+--------+

Top non-repeatable levels by time:
     D:1: 1395 daAuts
     D:2: 371 daAuts
